 Dungeon Crawl Stone Soup version 0.28.0-45-g0d030f2227 (webtiles) character file.

Game seed: 8869434084521363707

2559 protoss039 the Fighter (level 9, 0/62 HPs)
             Began as a Gargoyle Gladiator on May 9, 2022.
             Was a Believer of Okawaru.
             Slain by a wyvern (12 damage)
             ... on level 7 of the Dungeon.
             The game lasted 00:17:36 (7648 turns).

protoss039 the Fighter (Gargoyle Gladiator)         Turns: 7648, Time: 00:17:37

Health: 0/62       AC: 23    Str: 28    XL:     9   Next: 56%
Magic:  13/13      EV: 12    Int: 11    God:    Okawaru [**....]
Gold:   283        SH:  0    Dex: 11    Spells: 8/8 levels left

rFire   . . .      SeeInvis +   F - +6 short sword "Dacaeqoe" {protect, Int+2}
rCold   . . .      Faith    .   (no shield)
rNeg    + . .      Spirit   .   z - +1 ring mail {Will+}
rPois   ∞          Reflect  .   c - +0 helmet
rElec   +          Harm     .   (no cloak)
rCorr   .          Rampage  .   y - +0 pair of gloves
Will    +....                   (no boots)
Stlth   +.........              b - amulet of regeneration
HPRegen 1.00/turn               j - ring of see invisible
MPRegen 0.13/turn               u - +6 ring of strength

@: under a protective aura
A: sickness immunity, AC +6, negative energy resistance 1, electricity
resistance, torment resistance 1, petrification resistance
a: Renounce Religion, Heroism


You were on level 7 of the Dungeon.
You worshipped Okawaru.
Okawaru was pleased with you.
You visited 2 branches of the dungeon, and saw 9 of its levels.

You collected 283 gold pieces.

Inventory:

Hand Weapons
 m - a +4 hand axe
 F - the +6 short sword "Dacaeqoe" (weapon) {protect, Int+2}
   (You found it on level 5 of the Dungeon)

   It grants its wielder temporary protection when it strikes (+7 to AC).
   Int:       It affects your intelligence (+2).
 K - a +4 morningstar of freezing
Missiles
 d - 2 throwing nets (quivered)
Armour
 c - a +0 helmet (worn)
 y - a +0 pair of gloves (worn)
 z - a +1 ring mail of willpower (worn)
 E - a +0 plate armour
Jewellery
 b - an amulet of regeneration (around neck)
 j - a ring of see invisible (left hand)
 u - a +6 ring of strength (right hand)
Wands
 h - a wand of flame (11)
 w - a wand of iceblast (14)
Scrolls
 e - 3 scrolls of identify
 l - 3 scrolls of vulnerability {unknown}
 o - a scroll of enchant weapon {unknown}
 p - a scroll of magic mapping {unknown}
 q - a scroll of torment {unknown}
 t - a scroll of noise {unknown}
 x - 2 scrolls of immolation {unknown}
 A - 2 scrolls of silence {unknown}
 B - a scroll of summoning
 C - a scroll of fog
 D - a scroll of brand weapon
Potions
 a - a potion of might
 f - 2 potions of brilliance {unknown}
 g - 2 potions of haste
 i - a potion of attraction {unknown}
 k - 2 potions of invisibility {unknown}
 n - 3 potions of curing {unknown}
 r - 2 potions of flight
 s - 2 potions of berserk rage {unknown}
 v - 5 potions of degeneration {unknown}
 H - a potion of heal wounds {unknown}
 I - a potion of ambrosia {unknown}
 J - a potion of magic {unknown}


   Skills:
 + Level 10.2 Fighting
 + Level 4.8 Maces & Flails
 - Level 2.0 Throwing
 * Level 5.7 Armour
 - Level 3.0 Dodging
 * Level 5.6 Invocations


You had 8 spell levels left.
You didn't know any spells.
Your spell library contained the following spells:

 Spells                   Type           Power      Damage    Failure   Level
 Apportation              Tloc           0%         N/A       45%         1
 Frozen Ramparts          Ice            0%         1d2       83%         3
 Ice Form                 Ice/Tmut       0%         N/A       99%         4
 Animate Skeleton         Necr           Unusable   N/A       N/A         1
 Summon Small Mammal      Summ           Unusable   N/A       N/A         1
 Summon Ice Beast         Ice/Summ       Unusable   N/A       N/A         4

Dungeon Overview and Level Annotations

Branches:
Dungeon (8/15)             Temple (1/1) D:5
   Lair: D:8-11

Altars:
Ashenzari
Dithmenos
Elyvilon
Fedhas
Gozag
Hepliaklqana
Kikubaaqudgha
Makhleb
Nemelex Xobeh
Okawaru
Qazlal
Ru
Trog
Uskayaw
Vehumet
Wu Jian
Xom
Yredelemnul
Zin

Shops:
D:2 (   D:3 !   D:7 :

Annotations:
D:7 1 runed translucent door, shugdite's ghost, novice MiFi


Innate Abilities, Weirdness & Mutations

You are immune to sickness and miasma.
Your stone body is resilient. (AC +6)
You are immune to poison.
You resist negative energy. (rN+)
You are resistant to electric shocks. (rElec)
You are resistant to unholy torment.
You are immune to petrification.


Message History

The wyvern bites you but does no damage.
The wyvern bites you!
Unknown command.
The wyvern bites you!
You climb upwards.
Level annotation: 1 runed translucent door, shugdite's ghost, novice MiFi
There is a stone staircase leading down here.
Unknown command.
You completely miss the wyvern. You punch the wyvern.
The wyvern is moderately wounded.
The wyvern closely misses you. The wyvern bites you!
* * * LOW HITPOINT WARNING * * *
You puncture the wyvern!
Your weapon exudes an aura of protection.
The wyvern is heavily wounded.
The wyvern bites you but does no damage.
Unknown command.
Okay, then.
Okay, then.
Throw: 3 throwing nets
Press: ? - help, Q - select action, (/) - cycle Shift-Dir - straight line, f - wyvern
Aim: a wyvern (heavily wounded, 63% to hit)
You throw a throwing net. The throwing net hits the wyvern.
The wyvern is caught in the net!
The wyvern is heavily wounded.
The wyvern struggles against the net. x2
Unknown command.
You hit the wyvern.
The wyvern is severely wounded.
The wyvern struggles against the net.
You hit the wyvern but do no damage.
The wyvern is severely wounded.
The wyvern struggles against the net.
The net rips apart, and the wyvern comes free!
The wyvern bites you.
* * * LOW HITPOINT WARNING * * *
You hit the wyvern.
The wyvern is severely wounded.
The wyvern bites you!
You die...

...#...................##.###'###
....................#...#........
..####(.............##........#..
.###.#.............#...##.#......
.......#.......##..##..##.###....
#...............#..####.#.# #....
##.....#.......###..#.....####...
#.....##...................# ##.#
##...###........@...######.###..#
#...###.........l...####........
###...#....##......##..#..###.[..
#.##........##............###...#
...............##......##.##.....
...................#...##.#..##>.
.#..##...........#.####.......##.
...................#W.#....##.##.
...♣♣♣.....#.......+[8#.#.###.##.


You could see a wyvern.

Vanquished Creatures
  Pikel (D:6)
  A water moccasin (D:5)
  An orc warrior (D:7)
  A sky beast (D:6)
  2 black bears
  A necrophage (D:7)
  2 centaurs (D:6)
  An ogre (D:4)
  A phantom (D:6)
  A kobold brigand (D:7)
  A bullfrog (D:6)
  Blork the orc (D:5)
  3 scorpions
  A water moccasin skeleton (D:5)
  3 wights (D:7)
  A howler monkey (D:7)
  A centaur zombie (D:6)
  2 hounds (D:5)
  A jelly (D:6)
  A bullfrog skeleton (D:6)
  3 centaur skeletons
  An orc wizard (D:7)
  Natasha (thrice) (D:4)
  An iguana (D:6)
  2 killer bee zombies (D:6)
  A howler monkey zombie (D:5)
  7 adders
  4 gnolls
  A shadow imp (D:7)
  A white imp (D:7)
  2 ufetubi
  2 worms
  5 dart slugs
  7 orcs
  13 endoplasms
  2 giant cockroaches (D:1)
  8 goblins
  6 hobgoblins
  4 quokkas
  4 ball pythons
  A ball python zombie (D:3)
  10 bats
  2 frilled lizards (D:2)
  15 kobolds
  5 rats
137 creatures vanquished.

Vanquished Creatures (others)
  A plant (D:2)
  2 withered plants (D:7)
3 creatures vanquished.

Grand Total: 140 creatures vanquished

Notes
Turn   | Place    | Note
-------+----------+-------------------------------------------
     0 | D:1      | protoss039 the Gargoyle Gladiator began the quest for the
                  | Orb.
     0 | D:1      | Reached XP level 1. HP: 12/12 MP: 1/1
   434 | D:1      | Reached XP level 2. HP: 18/18 MP: 2/2
  1148 | D:1      | Reached XP level 3. HP: 22/22 MP: 3/3
  1201 | D:1      | Reached skill level 3 in Fighting
  2012 | D:2      | Found an ancient bone altar of Kikubaaqudgha.
  2162 | D:2      | Reached XP level 4. HP: 28/29 MP: 4/4
  2172 | D:2      | Found a faded altar of an unknown god.
  2244 | D:2      | Reached skill level 4 in Fighting
  2476 | D:2      | Found Xifiabyrph's Antique Weapon Emporium.
  3302 | D:3      | Found Deafoq's Distillery.
  3655 | D:4      | Noticed Natasha
  3670 | D:4      | Killed Natasha
  3671 | D:4      | Reached skill level 5 in Fighting
  3671 | D:4      | Reached XP level 5. HP: 32/35 MP: 5/5
  3719 | D:4      | Reached skill level 6 in Fighting
  3719 | D:4      | Reached XP level 6. HP: 41/41 MP: 6/6
  3737 | D:4      | Noticed a black bear
  3746 | D:4      | Killed a black bear
  3865 | D:4      | Reached skill level 7 in Fighting
  3867 | D:4      | Noticed Natasha
  3902 | D:4      | Killed Natasha
  3910 | D:4      | Noticed Natasha
  3913 | D:4      | Reached XP level 7. HP: 48/48 MP: 7/7
  3930 | D:4      | Killed Natasha
  4021 | D:4      | Found a shadowy altar of Dithmenos.
  4351 | D:5      | Entered Level 5 of the Dungeon
  4372 | D:5      | Reached skill level 8 in Fighting
  4578 | D:5      | Noticed Blork the orc
  4589 | D:5      | Killed Blork the orc
  4694 | D:5      | Reached skill level 9 in Fighting
  4724 | D:5      | Identified the +6 short sword "Dacaeqoe" {protect, Int+2}
  4738 | D:5      | Found a staircase to the Ecumenical Temple.
  4815 | Temple   | Entered the Ecumenical Temple
  5006 | Temple   | Became a worshipper of Warmaster Okawaru
  5105 | D:5      | Reached XP level 8. HP: 51/56 MP: 8/8
  5170 | D:5      | Reached skill level 1 in Armour
  5170 | D:5      | Reached skill level 1 in Invocations
  5446 | D:5      | Found a radiant altar of Vehumet.
  5847 | D:6      | Identified the +1 leather armour "Viqoky" {Str+3}
  6125 | D:6      | Noticed Pikel
  6144 | D:6      | Killed Pikel
  6144 | D:6      | Reached * piety under Okawaru
  6145 | D:6      | Reached XP level 9. HP: 60/62 MP: 10/12
  6432 | D:6      | Reached ** piety under Okawaru
  6433 | D:6      | Reached skill level 10 in Fighting
  6771 | D:7      | Found a runed translucent door.
  6823 | D:7      | Noticed shugdite's ghost (novice MiFi)
  6904 | D:7      | Reached skill level 5 in Armour
  6904 | D:7      | Reached skill level 5 in Invocations
  7060 | D:7      | Found an ornate altar of the Wu Jian Council.
  7458 | D:7      | Found Kafreyd's Book Shop.
  7648 | D:7      | Slain by a wyvern

Illustrated notes

Levels and vault maps discovered:
D:1:      denvon_arrival_waterhouse, layout_loops_corners, minivault_27
D:2:      layout_basic, basic_altar, serial_shops, nicolae_shop_trees,
          shapermc_ecumenical_altar_acropolis, minmay_increasing_density
D:3:      wad_river_or_something, layout_basic, serial_shops,
          nicolae_shop_advertising_works [nicolae_subvault_shop_adworks]
D:4:      layout_cave_pools, nicolae_dithmenos_the_darkroom, uniq_natasha
D:5:      layout_basic, lemuel_round_altar, minmay_temple_entry_butterflies,
          serial_curves, eino_curves_01, eino_curves_01, eino_curves_01,
          uniq_blork_the_orc
D:6:      layout_loops_corners, uniq_pikel
D:7:      layout_cave_pools, lemuel_doored_altar, gammafunk_ghost_grave,
          serial_shops, nicolae_lakefront_shop, minmay_stone_trees_medium
D:8:      layout_loops_corners, mainiacjoe_overflow_two_lobes, st_stairs_1
Temple:   eino_temple_scatter_basement

Skill      XL: |  1  2  3  4  5  6  7  8  9 |
---------------+----------------------------+-----
Throwing       | 2 |  2.0
Fighting       | 3 5 6 7 9 10 | 10.2
Dodging        | 3 |  3.0
Armour         | 4 5 |  5.7
Invocations    | 4 5 |  5.6
Maces & Flails | 4 |  4.8

Action                   |  1- 3 |  4- 6 |  7- 9 || total
-------------------------+-------+-------+-------++-------
Melee: Flail             |   109 |   151 |   153 ||   413
       Punch             |     1 |     4 |     5 ||    10
       Hand axe          |       |       |    64 ||    64
       Short sword       |       |       |    58 ||    58
       Whip              |       |       |    63 ||    63
Throw: Throwing net      |       |       |     1 ||     1
Evoke: Wand              |       |       |     7 ||     7
  Use: Scroll            |       |     3 |     3 ||     6
Armor: Leather armour    |    30 |       |       ||    30
       Ring mail         |    20 |    97 |   168 ||   285
       Chain mail        |       |       |    68 ||    68
       Plate armour      |       |       |     2 ||     2
Dodge: Dodged            |    76 |   105 |   225 ||   406
